cohdb
Replays
Latest Replays
All Replays
Popular Replays
Top Player Replays
Match Explorer
How It Works
Community
CoH3 Stats
Reddit
Sign in to upload your games and track your stats! →
Sign in with Steam
Match 44210913
Unlisted
Match 44210913
Overview
Messages
Build Orders
End
Construct Barracks
Riflemen Squad
Riflemen Squad
Riflemen Squad
Grenade Package
Riflemen Squad
Infantry Support Center
Riflemen Squad
Construct Medical Station
Advanced Logistics
Construct Motor Pool
M1 Anti-tank Gun Team
Selects Armored Battlegroup
Selects Veteran Crews
Selects Strength in Steel
Selects Seek and Destroy
M1918 Browning Automatic Rifles
Survival Training
M1 Anti-tank Gun Team
Munitions Surplus
Selects M4A3E8 Sherman Combat Group
M4A3E8 Sherman Combat Group
MähnGiL
Barbarossa
RUKAclDCッ
Tomsch
0
0
Comments
sign in to comment!
No comments posted yet!